 Dungeon Crawl Stone Soup version 0.27-a0-1182-gee19b5822f (webtiles) character file.

Game seed: 14139349088484673157

5533 EldarEldrad the Cleaver (level 10, 0/81 HPs)
             Began as a Minotaur Berserker on May 18, 2021.
             Was an Elder of Trog.
             Shot with an arrow by a centaur warrior (20 damage)
             ... on level 9 of the Dungeon.
             The game lasted 00:28:19 (10041 turns).

EldarEldrad the Cleaver (Minotaur Berserker)       Turns: 10041, Time: 00:28:20

Health: 0/81       AC: 12    Str: 31    XL:     10   Next: 43%
Magic:  9/9        EV: 11    Int:  4    God:    Trog [****..]
Gold:   435        SH:  0    Dex: 10    Spells: 9/9 levels left

rFire    . . .     SeeInvis .   a - +3 hand axe
rCold    . . .     Faith    .   (no shield)
rNeg     . . .     Spirit   .   f - +0 chain mail
rPois    .         Reflect  .   (helmet restricted)
rElec    .         Harm     .   (no cloak)
rCorr    .         Rampage  .   r - +0 pair of gloves
Will     +....                  (no boots)
Stlth    ..........             (no amulet)
HPRegen  0.23/turn              v - +6 ring of strength
MPRegen  0.11/turn              x - ring of willpower

@: on berserk cooldown, slowed, very slow
A: horns 2, retaliatory headbutt
a: Renounce Religion, Berserk, Trog's Hand, Brothers in Arms


You were on level 9 of the Dungeon.
You worshipped Trog.
Trog was greatly pleased with you.
You visited 2 branches of the dungeon, and saw 10 of its levels.

You collected 435 gold pieces.

Inventory:

Hand Weapons
 a - a +3 hand axe (weapon)
 b - a +4 flail
 w - the +2 war axe "Laoqusk" {venom, Fragile +Rage Str+9 Dex+4}
   (You found it on level 5 of the Dungeon)

   It poisons the flesh of those it strikes.
   It affects your strength (+9).
   It affects your dexterity (+4).
   It lets you go berserk.
   It will be destroyed if unequipped.
Missiles
 n - 23 poisoned darts
Armour
 f - a +0 chain mail (worn)
 m - a +0 plate armour
 r - a +0 pair of gloves (worn)
Jewellery
 v - a +6 ring of strength (left hand)
 x - a ring of willpower (right hand)
Wands
 k - a wand of polymorph (9)
 l - a wand of acid (3)
 t - a wand of iceblast (23)
 y - a wand of flame (20)
Scrolls
 c - 2 scrolls of teleportation {unknown}
 h - a scroll of magic mapping {unknown}
 j - a scroll of blinking {unknown}
 o - 2 scrolls of immolation {unknown}
 p - a scroll of vulnerability {unknown}
 q - a scroll of enchant armour {unknown}
 s - 3 scrolls of acquirement {unknown}
 u - a scroll of holy word {unknown}
 A - a scroll of fog {unknown}
Potions
 d - 2 potions of lignification {unknown}
 e - 2 potions of magic {unknown}
 g - 2 potions of flight
 i - a potion of invisibility
 z - a potion of cancellation {unknown}


   Skills:
 - Level 5.0 Fighting
 * Level 12.1 Axes
 + Level 9.1 Armour
 + Level 8.3 Dodging
 + Level 4.9 Evocations


You had 9 spell levels left.
You didn't know any spells.
Your spell library was empty.

Dungeon Overview and Level Annotations

Branches:
Dungeon (9/15)             Temple (1/1) D:5
   Lair: D:8-11         Orc: D:9-12

Altars:
Ashenzari
Cheibriados
Dithmenos
Elyvilon
Fedhas
Gozag
Hepliaklqana
Kikubaaqudgha
Makhleb
Okawaru
Qazlal
Ru
Sif Muna
Uskayaw
Vehumet
Wu Jian
Xom
Yredelemnul
Zin
The Shining One

Shops:
D:5 :

Annotations:
D:7 digging
D:8 fly


Innate Abilities, Weirdness & Mutations

You have a pair of horns on your head.
You reflexively headbutt those who attack you in melee.


Message History

The water moccasin misses you. The troll barely misses you.
You furiously retaliate!
You headbutt the troll! The troll claws you. x2
You slash the troll! Your headbutt misses the troll.
The troll is almost dead.
You slash the water moccasin! You barely miss the troll.
You headbutt the troll.
You kill the troll!
Trog accepts your kill.
You closely miss the water moccasin.
The water moccasin bites you but does no damage.
Your Axes skill increases to level 12!
Your Armour skill increases to level 9!
You slice the water moccasin!!
You kill the water moccasin!
Trog accepts your kill.
You slash the troll!
A boulder beetle comes into view.
You slice the troll!!
The troll is severely wounded.
The troll closely misses you. The troll misses you.
The troll closely misses you.
You barely miss the troll. You headbutt the troll!
The troll is almost dead.
You barely miss the troll.
The troll is almost dead.
The troll bites you! The troll barely misses you. The troll closely misses you.
You slash the troll!
You kill the troll!
Trog accepts your kill.
You feel a strong urge to attack something.
The boulder beetle leaps!
A centaur warrior comes into view.
Found a glowing rapier.
You feel your anger nearly subside.
You are no longer berserk.
You are exhausted.
You feel yourself slow down.
The centaur warrior wields a +0 shortbow.
The centaur warrior shoots an arrow.
The arrow hits you!
* * * LOW HITPOINT WARNING * * *
The centaur warrior shoots an arrow.
The arrow hits you!!
You die...

#......#### #.P≈≈≈
#....)...# ##P≈P≈
.....###...########
...P. ##...
#............ ##..≈
.... #..#.........
#... ....
####......... #...
#..# #..#..###....
#... ..... #......#
... ###.
#..###.@#..# .. ##
#.......#### #
#.......#..# #
#.....###†.$..# #
##.c. #...†.## #.
.... #$.#...[. ...
⌠). ####.......
..## .. ....... ..
# ..###..


You could see a centaur warrior.

Vanquished Creatures
  A two-headed ogre (D:9)
  Joseph (D:8)
  A kobold demonologist (D:9)
  2 trolls (D:9)
  Grinder (D:3)
  A wyvern (D:8)
  Menkaure (D:5)
  Duvessa (D:6)
  3 water moccasins
  3 orc warriors
  A hornet zombie (D:9)
  2 ogres (D:7)
  9 centaurs
  3 kobold brigands
  4 phantoms
  A bullfrog (D:8)
  2 scorpions (D:5)
  Dowan (D:6)
  A howler monkey (D:9)
  7 wights (D:6)
  2 jellies (D:6)
  A gnoll shaman (D:6)
  2 orc priests
  A hound (D:7)
  4 iguanas
  6 orc wizards
  3 howler monkey zombies
  3 adders
  5 gnolls (D:6)
  A white imp (D:7)
  4 ufetubi
  3 worms
  A dart slug (D:1)
  16 orcs
  7 bats
  9 endoplasms
  4 giant cockroaches
  8 goblins
  4 hobgoblins
  8 jackals
  3 quokkas
  7 ball pythons
  3 frilled lizards
  21 kobolds
  5 rats
177 creatures vanquished.

Vanquished Creatures (others)
  6 plants (D:9)
6 creatures vanquished.

Grand Total: 183 creatures vanquished

Notes
Turn   | Place    | Note
-------+----------+-------------------------------------------
     0 | D:1      | EldarEldrad the Minotaur Berserker began the quest for the
                  | Orb.
     0 | D:1      | Reached XP level 1. HP: 19/19 MP: 0/0
    13 | D:1      | Identified the Guide on the Excruciating Glacier
   276 | D:1      | Reached XP level 2. HP: 25/27 MP: 1/1
   537 | D:1      | Reached skill level 4 in Axes
  1036 | D:2      | Reached XP level 3. HP: 32/33 MP: 2/2
  1451 | D:2      | Reached ** piety under Trog
  2285 | D:3      | Reached XP level 4. HP: 40/40 MP: 3/3
  2424 | D:3      | Noticed Grinder
  2437 | D:3      | Killed Grinder
  2438 | D:3      | Reached skill level 5 in Fighting
  2438 | D:3      | Reached skill level 5 in Axes
  2438 | D:3      | Reached XP level 5. HP: 24/48 MP: 4/4
  2606 | D:3      | Found a glowing golden altar of the Shining One.
  2606 | D:3      | Found a burning altar of Makhleb.
  2614 | D:3      | Found an iron altar of Okawaru.
  2616 | D:3      | Found a shimmering blue altar of Sif Muna.
  2618 | D:3      | Found a radiant altar of Vehumet.
  2748 | D:3      | Reached XP level 6. HP: 54/56 MP: 5/5
  3253 | D:4      | Reached skill level 6 in Axes
  3553 | D:4      | Reached skill level 5 in Armour
  3553 | D:4      | Reached XP level 7. HP: 60/61 MP: 6/6
  3946 | D:4      | Reached *** piety under Trog
  4121 | D:5      | Entered Level 5 of the Dungeon
  4333 | D:5      | Found a basalt altar of Yredelemnul.
  4445 | D:4      | Reached skill level 7 in Axes
  4487 | D:5      | Reached skill level 5 in Dodging
  4489 | D:5      | Noticed Menkaure
  4498 | D:5      | Killed Menkaure
  4800 | D:5      | Found a staircase to the Ecumenical Temple.
  4995 | D:5      | Reached skill level 8 in Axes
  4995 | D:5      | Reached XP level 8. HP: 68/68 MP: 7/7
  5134 | D:5      | Found a shadowy altar of Dithmenos.
  5140 | D:5      | Found Matriy's Book Emporium.
  5140 | D:5      | Identified the +2 war axe "Laoqusk" {venom, Fragile +Rage
                  | Str+9 Dex+4}
  5305 | Temple   | Entered the Ecumenical Temple
  6062 | D:6      | Reached skill level 1 in Evocations
  6105 | D:6      | Noticed Duvessa
  6105 | D:6      | Noticed Dowan
  6111 | D:6      | Killed Dowan
  6115 | D:6      | Killed Duvessa
  6116 | D:6      | Reached skill level 9 in Axes
  6439 | D:6      | Found a stormy altar of Qazlal.
  7086 | D:7      | Reached **** piety under Trog
  7087 | D:7      | Reached XP level 9. HP: 64/74 MP: 8/8
  7110 | D:7      | Reached skill level 10 in Axes
  8289 | D:8      | Found a broken altar of Ashenzari.
  8372 | D:8      | Noticed Joseph
  8394 | D:8      | Killed Joseph
  8395 | D:8      | Reached skill level 11 in Axes
  8533 | D:8      | Found a blossoming altar of Fedhas.
  8770 | D:8      | Identified the +7 mace of the Aged Bones {distort, Contam
                  | Fly rElec Int+4}
  8900 | D:8      | Found a white marble altar of Elyvilon.
  9160 | D:9      | Noticed a kobold demonologist
  9163 | D:9      | Noticed an orange demon
  9165 | D:9      | Noticed an ice devil
  9377 | D:9      | Noticed an ice devil
  9383 | D:9      | Killed a kobold demonologist
  9384 | D:9      | Reached XP level 10. HP: 41/81 MP: 9/9
  9612 | D:9      | Noticed a two-headed ogre
  9619 | D:9      | Killed a two-headed ogre
 10031 | D:9      | Reached skill level 12 in Axes
 10031 | D:9      | Noticed a boulder beetle
 10038 | D:9      | Noticed a centaur warrior
 10041 | D:9      | Shot with an arrow by a centaur warrior

Illustrated notes

Levels and vault maps discovered:
D:1:      dpeg_arrival_simpleton_a, layout_rooms, serial_park_tiny_pond,
          minivault_25, minmay_misc_feat_more_columns
D:2:      layout_loops_ring, minmay_between
D:3:      layout_loops_ring, chequers_temple_overflow_minitemple, uniq_grinder
D:4:      layout_gridville, minmay_manual_mares
D:5:      layout_gridville, lemuel_round_altar,
          nicolae_dithmenos_through_a_glass_darkly, temple_pool_b, serial_shops,
          nicolae_shop_statue_plus, uniq_menkaure
D:6:      layout_basic, kennysheep_little_box, uniq_duvessa
D:7:      layout_loops_ring, serial_glass, glass_columns_a, glass_columns_a,
          glass_columns_c, glass_columns_a, item_on_display_a,
          minmay_strange_pillars, minmay_strange_pillars, due_unseen_surprise,
          dk_noncrumbling_4, grunt_decor_fettered, minmay_liquid_box
D:8:      layout_basic, ashenzari_altar_1, kennysheep_mini_moat, fedhas_altar_2,
          water_maze_lemuel, uniq_joseph
D:9:      hangedman_cross_cluster, layout_rooms, general_overflow_altar,
          serial_bayou_pond_c, fungi_pond_lemuel
Temple:   compressed_dpeg_triangle_lava_temple

Skill      XL: |  1  2  3  4  5  6  7  8  9 10 |
---------------+-------------------------------+-----
Fighting       | 4 5 |  5.0
Axes           | 4 5 6 8 9 11 12 | 12.1
Armour         | 3 4 5 6 7 8 9 |  9.1
Dodging        | 3 4 5 6 7 8 |  8.3
Evocations     | 2 4 |  4.9

Action                   |  1- 3 |  4- 6 |  7- 9 | 10-12 || total
-------------------------+-------+-------+-------+-------++-------
Melee: Hand axe          |   124 |    62 |   317 |    52 ||   555
       Headbutt          |    16 |    10 |    72 |    18 ||   116
Invok: Berserk           |     1 |     1 |     9 |     2 ||    13
       Trog's Hand       |       |     2 |     5 |       ||     7
  Use: Scroll            |       |       |     4 |       ||     4
       Potion            |       |       |     1 |       ||     1
Armor: Animal skin       |    11 |       |       |       ||    11
       Leather armour    |    13 |    17 |     9 |       ||    39
       Chain mail        |       |       |    90 |    27 ||   117
Dodge: Dodged            |    57 |    51 |   117 |    26 ||   251

Table legend: (Time is in decaauts)
 A = Elapsed time spent in this place.
 B = Non-inter-level travel time spent in this place.
 C = Inter-level travel time spent in this place.
 D = Time resting spent in this place.
 E = Time spent auto-exploring this place.
 F = Levels seen in this place.
 G = Mean time per level.
                   A        B        C        D        E       F      G
               +--------+--------+--------+--------+--------+-----+--------+
         Total |  10128 |   9854 |    274 |   2446 |   5962 |  10 | 1012.8 |
       Dungeon |   9933 |   9661 |    272 |   2446 |   5771 |   9 | 1103.7 |
        Temple |    194 |    192 |      2 |      0 |    191 |   1 |  194.0 |
               +--------+--------+--------+--------+--------+-----+--------+

Top non-repeatable levels by time:
     D:4: 1600 daAuts
     D:6: 1562 daAuts
     D:7: 1240 daAuts
     D:8: 1071 daAuts
     D:1: 1034 daAuts
     D:2: 960 daAuts
     D:5: 917 daAuts
     D:3: 868 daAuts
     D:9: 677 daAuts
  Temple: 194 daAuts
